 Dungeon Crawl Stone Soup version 0.18.1-8-gdd0e5ea (webtiles) character file.

289 Implojin the Insei (level 6, -5/47 HPs)
             Began as a Mummy Monk on May 22, 2016.
             Killed from afar by an orc wizard (13 damage)
             ... with a puff of flame
             ... on level 4 of the Dungeon.
             The game lasted 00:14:29 (8003 turns).

Implojin the Insei (Mummy Monk)                     Turns: 8003, Time: 00:14:29

Health: -5/47      AC:  4    Str: 14    XL:     6   Next: 9%
Magic:  6/6        EV: 12    Int: 10    God:
Gold:   131        SH:  3    Dex: 16    Spells: 0 memorised, 5 levels left

rFire  x . .     SeeInvis .       - Unarmed
rCold  + . .     Gourm    .     (no armour)
rNeg   + + +     Faith    .     k - +0 buckler
rPois  ∞         Spirit   .     j - +1 hat {MR+}
rElec  .         Dismiss  .     n - +1 cloak (curse)
rCorr  .         Reflect  .     (no gloves)
SustAt .         Harm     .     o - +0 pair of boots
MR     +....                    (no amulet)
Stlth  ++++......               f - ring of stealth
                                b - ring of stealth

@: somewhat resistant to hostile enchantments, stealthy
A: no food or potions, fire vulnerability, cold resistance 1, negative energy
resistance 3, torment resistance, unbreathing
a: no special abilities


You were on level 4 of the Dungeon.
You were not hungry.

You visited 1 branch of the dungeon, and saw 4 of its levels.

You collected 131 gold pieces.

Inventory:

Armour
 j - a +1 hat of magic resistance (worn)
 k - a +0 buckler (worn)
 n - a cursed +1 cloak (worn)
 o - a +0 pair of boots (worn)
Jewellery
 a - an uncursed ring of sustain attributes
 b - a ring of stealth (left hand)
 c - an uncursed ring of magical power
 d - an uncursed ring of loudness
 f - a ring of stealth (right hand)
 l - an uncursed ring of ice
Scrolls
 e - 2 scrolls of enchant weapon {unknown}
 g - 2 scrolls of remove curse
 i - a scroll of magic mapping
 m - a scroll of identify
Comestibles
 h - a bread ration (quivered)


   Skills:
 * Level 3.0 Fighting
 - Level 2.4 Dodging
 - Level 1.5 Stealth
 - Level 6.1 Unarmed Combat


You had 5 spell levels left.
You didn't know any spells.

Dungeon Overview and Level Annotations

Branches:
Dungeon (4/15)
 Temple: D:4-7

Altars:
Elyvilon

Annotations:
D:2 exclusion: downstairs
D:3 4 exclusions, Sigmund


Innate Abilities, Weirdness & Mutations

You do not eat or drink.
Your flesh is vulnerable to fire.
You are immune to poison.
Your flesh is cold resistant.
You are immune to negative energy.
You are immune to unholy pain and torment.
You can survive without breathing.


Message History

You kill the giant cockroach!
A jackal comes into view.
Things that are here:
a hand axe; 4 gold pieces; an orc corpse You closely miss something.
Something hits you but does no damage. Something hits you.
You closely miss something. Something hits you but does no damage.
You hit something. Something hits you.
You barely miss something. Something hits you.
Something hits you but does no damage.
You miss something. Something hits you but does no damage.
You hit something. Something hits you. x2
You hit something.
You hear a zap.
Something tries to affect you, but you resist.
You closely miss something.
You hear some strange, mumbled words.
A puff of flame appears from out of thin air!
The puff of flame hits you! The fire burns you terribly! Something hits you.
* * * LOW HITPOINT WARNING * * *
You hit something. Something hits you but does no damage.
You hit something but do no damage.
You hear some strange, mumbled words.
A puff of flame appears from out of thin air!
The puff of flame hits you! The fire burns you terribly!
* * * LOW HITPOINT WARNING * * *
You closely miss something.
You hear some strange, mumbled words.
A puff of flame appears from out of thin air!
The puff of flame hits you! The fire burns you terribly!
* * * LOW HITPOINT WARNING * * *
You hear some strange, mumbled words.
A puff of flame appears from out of thin air!
The puff of flame hits you! The fire burns you terribly!
You die...

#...... ....
#...... ....
#.....o .....
#.....##r....
#.....#......
#............
#####..#
#######o....>#
##....@{r<...##
##....###'###.#
#.....# .##.#
#.....# ##.#
#.....# #.#
#.....# #.!
#.....# #.#
#.....# .#
#.....# $#


You could see an orc and a rat.

Vanquished Creatures
  A howler monkey (D:4)
  An orc wizard (D:3)
  3 gnolls
  8 adders
  2 oozes
  6 worms
  A dart slug (D:1)
  6 giant geckos
  5 orcs
  3 bats
  5 giant cockroaches
  7 hobgoblins
  A jackal (D:3)
  17 kobolds
  2 quokkas (D:3)
  A ball python (D:1)
  8 giant newts
  11 goblins
  5 rats
93 creatures vanquished.

Notes
Turn   | Place    | Note
--------------------------------------------------------------
     0 | D:1      | Implojin the Mummy Monk began the quest for the Orb.
     0 | D:1      | Reached XP level 1. HP: 18/18 MP: 1/1
   257 | D:1      | Reached XP level 2. HP: 12/24 MP: 2/2
  1014 | D:1      | Reached skill level 4 in Unarmed Combat
  1736 | D:1      | Reached XP level 3. HP: 26/29 MP: 3/3
  4292 | D:2      | Reached XP level 4. HP: 12/35 MP: 4/4
  5343 | D:3      | Reached skill level 5 in Unarmed Combat
  5634 | D:3      | Found a white marble altar of Elyvilon.
  5636 | D:3      | Noticed Sigmund
  6397 | D:3      | Reached XP level 5. HP: 30/41 MP: 5/5
  7974 | D:4      | Reached skill level 6 in Unarmed Combat
  7974 | D:4      | Reached XP level 6. HP: 46/47 MP: 6/6
  8003 | D:4      | Killed from afar by an orc wizard

Skill      XL: |  1  2  3  4  5 |
---------------+----------------+-----
Unarmed Combat | 4 5 6 |  6.1
Fighting       | |  3.0
Dodging        | |  2.4
Stealth        | |  1.5

Action                   |  1- 3 |  4- 6 || total
-------------------------+-------+-------++-------
Melee: Unarmed           |   208 |   237 ||   445
       Punch             |     1 |       ||     1
  Use: Scroll            |     2 |     5 ||     7
 Stab: Sleeping          |     2 |     5 ||     7
       Distracted        |     1 |       ||     1
Armor: Skin              |       |    24 ||    24
Dodge: Dodged            |   110 |   109 ||   219
Block: Buckler           |       |    16 ||    16

Table legend:
 A = Turns spent in this place as a percentage of turns spent in the entire game.
 B = Non-inter-level travel turns spent in this place as a percentage of non-inter-level travel turns spent in the entire game.
 C = Inter-level travel turns spent in this place as a percentage of turns spent in this place.
 D = Turns resting spent in this place as a percentage of non-inter-level travel turns spent in this place.
 E = Turns spent auto-exploring this place as a percentage of non-inter-level travel turns spent in this place.
 F = Non-inter-level travel turns spent in this place divided by the number of levels of this place that you've seen.
                   A       B       C       D       E      F
               +-------+-------+-------+-------+-------+----------------------
         Total | 100.0 | 100.0 |   0.3 |   5.7 |   5.0 | 460.0
       Dungeon | 100.0 | 100.0 |   0.3 |   5.7 |   5.0 | 460.0
               +-------+-------+-------+-------+-------+----------------------

Table legend:
 A = Kills in this place as a percentage of kills in entire the game.
 B = Kills by you in this place as a percentage of kills by you in the entire game.
 C = Kills by friends in this place as a percentage of kills by friends in the entire game.
 D = Other kills in this place as a percentage of other kills in the entire game.
 E = Experience gained in this place as a percentage of experience gained in the entire game.
 F = Experience gained in this place divided by the number of levels of this place that you have seen.
                   A       B       C       D       E      F
               +-------+-------+-------+-------+-------+----------------------
         Total | 100.0 | 100.0 |  -nan |  -nan | 100.0 | 103.5
       Dungeon | 100.0 | 100.0 |  -nan |  -nan | 100.0 | 103.5
               +-------+-------+-------+-------+-------+----------------------
